Map: [ESL] Gresvan

Players

Cow (PiG) - Winner!

  • Race: Terran Terran
  • League: Grandmaster
  • Spawn Location: 11:00

JuchelZero

  • Race: Zerg Zerg
  • League: Gold
  • Spawn Location: 5:00

VOD

https://www.youtube.com/playlist?list=PLOrKQEirgvjBrkg_LERyoNc_WYX2C2tgI

Description

Time

  • Played on: July 18, 2023, 10:05 p.m.
  • Length: 10:39
Show
View Real Time Build Order
Export as new Build Order

Cow Terran - Winner!

Build Orders:  

Get SALT Encoding   

  12  0:00  SCV  
  13  0:12  SCV  
  14  0:17  Supply Depot  
  14  0:24  SCV  
  15  0:39  SCV  
  15  0:40  Barracks  
  16  0:44  Refinery  
  16  0:52  SCV  
  17  1:04  SCV  
  18  1:16  SCV  
  19  1:28  Orbital Command, Barracks Reactor  
  19  1:41  Command Center  
  19  1:53  Supply Depot  
  19  1:54  SCV  
  20  2:04  Marine  
  20  2:05  Marine  
  20  2:06  SCV  
  23  2:15  Factory  
  23  2:18  SCV  
  24  2:30  Refinery, Marine x2, SCV  
  24  2:34  Bunker  
  27  2:42  SCV  
  28  2:55  Orbital Command  
  28  2:57  SCV  
  29  2:58  Marine x2  
  29  3:00  Factory Tech Lab  
  31  3:08  Starport  
  31  3:09  SCV  
  32  3:21  SCV x2  
  32  3:26  Marine  
  35  3:30  Marine  
  35  3:33  SCV  
  35  3:34  Siege Tank, SCV  
  41  3:41  Supply Depot  
  41  3:45  SCV  
  41  3:46  SCV  
  43  3:49  Viking  
  45  3:56  Marine  
  46  4:03  Marine, SCV x2  
  46  4:04  Supply Depot  
  49  4:15  Siege Tank, SCV x2  
  54  4:25  Starport Reactor, Marine x2  
  54  4:27  SCV x2  
  58  4:39  SCV  
  58  4:41  Barracks  
  58  4:42  SCV  
  58  4:43  Barracks  
  58  4:44  Barracks  
  58  4:45  Barracks, Marine x2  
  62  4:56  Supply Depot  
  62  4:57  Supply Depot  
  62  5:04  Refinery  
  62  5:06  Refinery, Engineering Bay  
  62  5:18  Siege Tank, SCV x2  
  62  5:19  Supply Depot  
  67  5:22  Marine  
  67  5:26  Marine  
  69  5:30  SCV x2  
  69  5:34  Supply Depot  
  71  5:36  Barracks Tech Lab x2  
  71  5:37  Barracks Reactor  
  71  5:38  Barracks Reactor  
  71  5:40  Marine  
  71  5:41  Terran Infantry Weapons Level 1  
  71  5:42  SCV x2  
  74  5:50  Siege Tank  
  74  5:55  Supply Depot  
  74  5:57  Supply Depot  
  77  6:04  Stimpack, Combat Shield  
  77  6:06  Marauder x2, Marine x2  
  83  6:17  Supply Depot  
  83  6:19  Supply Depot  
  83  6:23  Medivac, Siege Tank  
  83  6:25  Marine x5  
  92  6:27  Marauder  
  92  6:28  Marauder  
  97  6:37  Medivac  
  99  6:40  Supply Depot  
  99  6:41  Supply Depot  
  99  7:00  Marauder x2  
  99  7:01  Marine x6  
  102  7:02  Supply Depot  
  107  7:19  Marine x3  
  107  7:20  Supply Depot  
  107  7:21  Marauder x2  
  114  7:23  Concussive Shells  
  114  7:24  Marine x3, Supply Depot  
  120  7:30  Siege Tank  
  120  7:43  Marauder x2  
  124  7:45  Terran Infantry Armor Level 1  
  124  7:48  Marine x6  
  103  8:04  Marauder x2  
  107  8:06  Marine x2  
  109  8:26  Marine x8  
  97  8:43  Marine  
  97  8:44  Marine x3  
  97  8:48  Marine x4  
  96  8:49  Siege Tank  
  96  8:50  Medivac x2  
  97  9:01  Marine x4  
  97  9:06  Marine x4  
  101  9:10  Missile Turret  
  101  9:14  Missile Turret  
  101  9:19  Marine x4  
  101  9:23  Marine  
  101  9:24  Marine x3  
  106  9:27  Medivac, Siege Tank  
  106  9:28  Medivac  
  116  9:37  Marine x4  
  120  9:41  Marine  
  121  9:57  Medivac x2  
  121  10:11  Marine x8  
Show
View Real Time Build Order
Export as new Build Order

JuchelZero Zerg 

Build Orders: Hatch First 

Get SALT Encoding   

  12  0:01  Drone  
  13  0:08  Drone  
  14  0:16  Extractor  
  14  0:17  Drone  
  15  0:39  Hatchery  
  14  0:44  Extractor  
  14  0:45  Drone  
  15  0:50  Overlord  
  15  1:05  Spawning Pool  
  15  1:09  Drone  
  15  1:12  Drone  
  15  1:16  Drone  
  17  1:21  Drone  
  18  1:35  Extractor, Drone  
  18  1:42  Overlord  
  18  1:54  Queen  
  18  1:55  Queen  
  18  1:56  Drone  
  23  2:08  Drone  
  23  2:14  Drone x2  
  26  2:16  Drone  
  26  2:20  Drone  
  28  2:26  Overlord  
  28  2:28  Overlord  
  28  2:37  Drone  
  28  2:38  Drone  
  30  2:47  Drone  
  30  2:48  Drone  
  30  2:49  Queen  
  34  3:05  Hatchery  
  33  3:08  Drone x2  
  33  3:10  Drone  
  36  3:13  Drone  
  36  3:18  Drone x2  
  36  3:19  Drone  
  40  3:21  Drone  
  40  3:24  Drone  
  42  3:34  Metabolic Boost  
  42  3:36  Lair  
  42  3:40  Overlord  
  42  3:42  Overlord  
  42  3:54  Extractor  
  41  4:00  Drone x9  
  50  4:08  Baneling Nest  
  49  4:17  Hatchery  
  48  4:24  Burrow  
  48  4:29  Drone  
  48  4:30  Drone x7  
  55  4:48  Zergling x2  
  55  4:49  Zergling x4  
  58  4:55  Extractor  
  58  4:57  Extractor  
  58  4:58  Centrifugal Hooks  
  56  5:01  Zergling x2  
  56  5:02  Zergling x14  
  56  5:06  Extractor x2  
  62  5:11  Overlord x2  
  62  5:14  Baneling x3  
  62  5:15  Baneling x3  
  62  5:18  Zergling x6  
  65  5:29  Zergling x6  
  68  5:39  Spire  
  68  5:41  Queen x2  
  71  5:43  Queen  
  71  5:44  Queen  
  71  5:48  Spore Crawler  
  71  5:49  Spore Crawler  
  73  5:52  Spore Crawler  
  73  5:55  Zergling x6  
  73  5:56  Zergling x2  
  76  6:14  Overlord x2  
  76  6:15  Overlord  
  76  6:19  Overlord x2  
  76  6:35  Baneling x6  
  76  6:36  Baneling x10  
  76  6:52  Mutalisk  
  78  6:54  Mutalisk x3  
  78  6:56  Mutalisk  
  78  7:01  Mutalisk  
  86  7:06  Mutalisk  
  90  7:30  Mutalisk x4  
  90  7:31  Mutalisk x2  
  102  7:38  Mutalisk  
  102  7:40  Baneling x22  
  85  8:01  Zergling x14  
  85  8:02  Zergling x8  
  96  8:09  Mutalisk  
  96  8:10  Mutalisk  
  71  8:41  Mutalisk x7  
  83  8:51  Zergling x6  
  83  8:52  Zergling x2  
  87  8:59  Zergling x4  
  87  9:00  Zergling x4  
  91  9:06  Drone x3  
  94  9:15  Baneling  
  94  9:16  Baneling x7  
  94  9:19  Overlord  
  94  9:27  Baneling x6  
  94  9:28  Baneling x2  
  94  9:29  Zergling x4  
  94  9:30  Zergling x2  
  97  9:45  Zergling x14  
  104  9:57  Mutalisk x3  
  99  10:10  Mutalisk x3  
  80  10:18  Zergling x2  
  80  10:19  Zergling x8  
Tags
 
Add a new tag
Caveats
  • Supply blocks, unpowered buildings, or Contaminate may cause inaccurate times.
  • Supply counts are checked every 10 seconds.